 Dungeon Crawl Stone Soup version 0.29.1-15-g9cfb28693d (webtiles) character file.

Game seed: 3915049375521340440

69 Farfigtubin the Chopper (level 4, -3/40 HPs)
             Began as a Hill Orc Fighter on Mar 12, 2023.
             Killed from afar by Ijyb (7 damage)
             ... with a bolt of acid
             ... on level 3 of the Dungeon.
             The game lasted 00:08:03 (1643 turns).

Farfigtubin the Chopper (Hill Orc Fighter)          Turns: 1643, Time: 00:08:04

Health: -3/40      AC: 10    Str: 20    XL:     4   Next: 20%
Magic:  4/4        EV:  5    Int:  8    God:
Gold:   141        SH:  9    Dex: 16    Spells: 3/3 levels left

rFire   . . .      SeeInvis .   a - +0 war axe
rCold   . . .      Faith    .   j - +0 kite shield
rNeg    . . .      Spirit   .   h - +0 chain mail
rPois   .          Reflect  .   (no helmet)
rElec   .          Harm     .   t - +0 cloak
rCorr   .          Rampage  .   (no gloves)
Will    .....                   (no boots)
Stlth   ..........              (no amulet)
HPRegen 0.13/turn               k - +6 ring of dexterity
MPRegen 0.09/turn               (no ring)

@: no status effects
A: no striking features
a: no special abilities


You were on level 3 of the Dungeon.
You visited 1 branch of the dungeon, and saw 3 of its levels.

You collected 141 gold pieces.

Inventory:

Hand Weapons
 a - a +0 war axe (weapon)
Missiles
 o - 11 stones (quivered)
Armour
 h - a +0 chain mail (worn)
 j - a +0 kite shield (worn)
 t - a +0 cloak (worn)
Jewellery
 f - an amulet of magic regeneration
 k - a +6 ring of dexterity (left hand)
Scrolls
 b - a scroll of blinking {unknown}
 i - a scroll of brand weapon {unknown}
 l - 3 scrolls of teleportation {unknown}
 m - 3 scrolls of identify {unknown}
 n - a scroll of fear {unknown}
 r - a scroll of immolation {unknown}
Potions
 c - a potion of lignification {unknown}
 d - a potion of might
 e - 4 potions of berserk rage {unknown}
 g - 2 potions of flight {unknown}
 p - a potion of invisibility {unknown}
 q - 2 potions of haste {unknown}
 s - a potion of mutation {unknown}
 u - a potion of curing {unknown}


   Skills:
 + Level 4.3 Fighting
 * Level 4.5 Axes
 - Level 3.2 Armour
 + Level 3.9 Shields


You had 3 spell levels left.
You didn't know any spells.
Your spell library was empty.

Dungeon Overview and Level Annotations

Branches:
Dungeon (3/15)

Altars:

Shops:
D:1 =   D:2 *

Annotations:
D:3 Ijyb


Message History

You barely miss Ijyb. You hit the ball python.
You kill the ball python!
Ijyb hits you with a +0 club.
You closely miss Ijyb. Ijyb screams, "I cut your head off!"
Ijyb barely misses you. You block Ijyb's attack. The endoplasm freezes you.
You are frozen.
* * * LOW HITPOINT WARNING * * *
You hit Ijyb.
Ijyb is moderately wounded.
You hit the endoplasm but do no damage.
The endoplasm hits you but does no damage.
Ijyb barely misses you.
You hit Ijyb.
Ijyb is moderately wounded.
You slash the endoplasm!
You kill the endoplasm!
You block Ijyb's attack.
You hit Ijyb but do no damage.
Ijyb is moderately wounded.
Ijyb zaps a wand.
The bolt of acid misses you.
Ijyb zaps a wand.
The bolt of acid hits you.
* * * LOW HITPOINT WARNING * * *
You hit Ijyb but do no damage.
Ijyb is moderately wounded.
Ijyb screams, "Die!"
Ijyb barely misses you.
You closely miss Ijyb.
Ijyb is moderately wounded.
You block Ijyb's attack. Ijyb hits you but does no damage.
You hit Ijyb.
Ijyb is heavily wounded.
Ijyb zaps a wand.
The bolt of acid hits you.
* * * LOW HITPOINT WARNING * * *
You hit Ijyb.
Ijyb is severely wounded.
You are no longer corroded.
Ijyb zaps a wand.
The bolt of acid hits you!
You die...

#..# #... #...#
....# #...###
#.#..... #
#....g†##.#
####@...#
#.......#
#.......# .
#.......+
..####+#.......#
........########
####....# #....#
#########....#


You could see Ijyb.

Vanquished Creatures
  An adder (D:2)
  3 dart slugs (D:2)
  An orc (D:3)
  7 bats
  2 endoplasms (D:3)
  5 giant cockroaches
  4 goblins
  6 hobgoblins
  A quokka (D:2)
  4 ball pythons
  3 frilled lizards
  7 kobolds
  9 rats
53 creatures vanquished.

Notes
Turn   | Place    | Note
-------+----------+-------------------------------------------
     0 | D:1      | Farfigtubin the Hill Orc Fighter began the quest for the
                  | Orb.
     0 | D:1      | Reached XP level 1. HP: 19/19 MP: 1/1
   147 | D:1      | Found a faded altar of an unknown god.
   225 | D:1      | Reached XP level 2. HP: 25/27 MP: 2/2
   590 | D:2      | Reached XP level 3. HP: 33/33 MP: 3/3
   960 | D:1      | Found Lenunyot's Jewellery Shop.
  1346 | D:2      | Reached XP level 4. HP: 40/40 MP: 4/4
  1454 | D:2      | Found Wewkames's Assorted Antiques.
  1631 | D:3      | Noticed Ijyb
  1643 | D:3      | Killed from afar by Ijyb

Illustrated notes

Levels and vault maps discovered:
D:1:      minmay_arrival_pointy, layout_basic, serial_shops, shop,
          ebering_ecumenical_altar_mist
D:2:      layout_loops_cross, serial_shops, nicolae_shop_behind_doors,
          minmay_goblin_outpost
D:3:      layout_basic, gup_sewer_entry_pipe, uniq_ijyb

Skill      XL: |  1  2  3 |
---------------+----------+-----
Axes           | 3 4 |  4.5
Fighting       | 4 |  4.3
Armour         | |  3.2
Shields        | |  3.9

Action                   |  1- 3 |  4- 6 || total
-------------------------+-------+-------++-------
Melee: War axe           |    95 |    21 ||   116
Armor: Scale mail        |    22 |       ||    22
       Chain mail        |    29 |     7 ||    36
Dodge: Dodged            |    29 |     9 ||    38
Block: Buckler           |     4 |       ||     4
       Kite shield       |    32 |    14 ||    46
